 Dungeon Crawl Stone Soup version 0.30-a0-1114-gd936c97349 (webtiles) character file.

Game seed: 13498715461642402833

102 retardedninja the Firebug (level 4, 0/32 HPs)
             Began as a Gnoll Fire Elementalist on Apr 20, 2023.
             Slain by a goblin
             ... wielding a +0 club
             ... led by Robin
              (5 damage)
             ... on level 2 of the Dungeon.
             The game lasted 00:02:28 (1548 turns).

retardedninja the Firebug (Gnoll Fire Elementalist) Turns: 1548, Time: 00:02:28

Health: 0/32       AC:  2    Str:  8    XL:     4   Next: 78%
Magic:  5/11       EV: 13    Int: 16    God:
Gold:   49         SH:  0    Dex: 12    Spells: 12/13 levels left

rFire   . . .      SeeInvis .    h - +0 spear
rCold   . . .      Faith    .    (no shield)
rNeg    . . .      Spirit   .    a - +0 robe
rPois   .          Reflect  .    (no helmet)
rElec   .          Rampage  .    (no cloak)
rCorr   .                        (no gloves)
Will    .....                    (no boots)
Stlth   +++                      (no amulet)
HPRegen 0.25/turn                (no ring)
MPRegen 0.12/turn                (no ring)

@: no status effects
A: fangs 1, strong nose, distributed training
a: no special abilities


You were on level 2 of the Dungeon.
You visited 1 branch of the dungeon, and saw 2 of its levels.

You collected 49 gold pieces.

Inventory:

Hand Weapons
 h - a +0 spear (weapon)
Armour
 a - a +0 robe (worn)
Scrolls
 d - a scroll of teleportation {unknown}
 f - a scroll of amnesia {unknown}
 g - a scroll of identify {unknown}
 j - a scroll of enchant weapon {unknown}
 m - a scroll of acquirement {unknown}
Potions
 b - a potion of magic
 c - 2 potions of attraction {unknown}
 e - a potion of degeneration {unknown}
 i - a potion of flight {unknown}
 k - a potion of ambrosia {unknown}
 l - a potion of brilliance {unknown}


   Skills:
 + Level 1.3 Fighting
 + Level 1.3 Short Blades
 + Level 1.3 Long Blades
 + Level 1.3 Axes
 + Level 1.3 Maces & Flails
 + Level 1.3 Polearms
 + Level 1.3 Staves
 + Level 1.3 Ranged Weapons
 + Level 1.3 Throwing
 + Level 1.3 Armour
 + Level 4.7 Dodging
 + Level 4.3 Stealth
 + Level 1.3 Shields
 + Level 1.3 Unarmed Combat
 + Level 5.1 Spellcasting
 + Level 2.3 Conjurations
 + Level 1.0 Hexes
 + Level 1.0 Summonings
 + Level 1.0 Necromancy
 + Level 1.0 Translocations
 + Level 1.0 Transmutations
 + Level 5.5 Fire Magic
 + Level 1.0 Ice Magic
 + Level 1.0 Air Magic
 + Level 1.0 Earth Magic
 + Level 1.0 Poison Magic
 + Level 1.4 Invocations
 + Level 1.3 Evocations


You had 12 spell levels left.
You knew the following spells:

 Your Spells              Type           Power      Damage    Failure   Level
a - Foxfire               Conj/Fire      64%        2x1d7     3%          1

Your spell library contained the following spells:

 Spells                   Type           Power      Damage    Failure   Level
 Scorch                   Fire           42%        2d6       2%          2
 Summon Small Mammal      Summ           28%        N/A       10%         1
 Inner Flame              Hex/Fire       14%        N/A       12%         3
 Volatile Blastmotes      Fire/Tloc      28%        2d12      12%         3
 Call Canine Familiar     Summ           7%         N/A       28%         3
 Summon Guardian Golem    Hex/Summ       7%         N/A       28%         3
 Flame Wave               Conj/Fire      16%        2d7       30%         4


Dungeon Overview and Level Annotations

Branches:
Dungeon (2/15)

Altars:

Annotations:
D:2 Robin


Innate Abilities, Weirdness & Mutations

You have very sharp teeth.
Your uncanny sense of smell can sniff out nearby items.
Your experience applies equally to all skills.


Message History

The foxfire hits Robin but does no damage.
Robin is moderately wounded.
The foxfire hits the goblin.
The goblin is moderately wounded.
The goblin closely misses you. The goblin completely misses you.
The goblin hits you with a +0 club.
You conjure some foxfire!
The goblin closely misses you. The goblin barely misses you.
The goblin misses you.
The foxfire hits the goblin.
You kill the goblin!
Robin throws the goblin at you! The goblin hits you with a +0 club.
The goblin closely misses you. The goblin barely misses you.
Casting: Foxfire (safe; 3% risk of failure)
Confirm with . or Enter, or press ? or * to list all spells.
You don't know that spell.
Unknown command.
You hit the goblin but do no damage. You bite the goblin, but do no damage.
Robin hits you but does no damage. The goblin misses you.
The goblin hits you with a +0 dagger. The goblin closely misses you.
Your magical contamination has completely faded away.
You hit the goblin.
You kill the goblin!
The goblin no longer looks unusually strong.
Robin hits you with a +1 dagger of protection.
The goblin misses you. The goblin barely misses you.
Robin throws the goblin at you! The goblin misses you.
You see here a +0 dagger.
Unknown command.
You are too injured to fight recklessly!
You are too injured to fight recklessly!
Robin roars a battlecry!
The goblin goes into a battle-frenzy!
The goblin barely misses you. The goblin hits you with a +0 club.
The goblin barely misses you.
You hear a shout!
You are too injured to fight recklessly!
The goblin closely misses you. The goblin hits you with a +0 club.
* * * LOW HITPOINT WARNING * * *
The goblin hits you with a +0 club.
You die...

∆ . # .. #. †# #.
###g. #
#......##.##.g.
.. #......##..gg#
.# #.........gg#
.# #......####@#
..
#......####g#.#
#.............###
#....)..........#
#...).....#######
####.##.###
##)##..# #.)###.#
#.###..+


You could see Robin, a hobgoblin and 4 goblins.

Vanquished Creatures
  Jessica (D:2)
  Natasha (D:2)
  An adder (D:2)
  5 bats
  6 endoplasms
  A giant cockroach (D:1)
  7 goblins
  3 hobgoblins
  3 ball pythons (D:1)
  2 frilled lizards (D:1)
  5 kobolds
  5 rats (D:1)
40 creatures vanquished.

Vanquished Creatures (others)
  154 foxfires
  7 toadstools (D:2)
161 creatures vanquished.

Grand Total: 201 creatures vanquished

Notes
Turn   | Place    | Note
-------+----------+-------------------------------------------
     0 | D:1      | retardedninja the Gnoll Fire Elementalist began the quest
                  | for the Orb.
     0 | D:1      | Reached XP level 1. HP: 13/13 MP: 6/6
   275 | D:1      | Reached XP level 2. HP: 19/19 MP: 4/7
  1010 | D:1      | Reached skill level 5 in Spellcasting
  1010 | D:1      | Reached XP level 3. HP: 25/25 MP: 5/9
  1273 | D:2      | Noticed Natasha
  1281 | D:2      | Killed Natasha
  1282 | D:2      | Reached skill level 1 in Fighting
  1282 | D:2      | Reached skill level 1 in Short Blades
  1282 | D:2      | Reached skill level 1 in Long Blades
  1282 | D:2      | Reached skill level 1 in Axes
  1282 | D:2      | Reached skill level 1 in Maces & Flails
  1282 | D:2      | Reached skill level 1 in Polearms
  1282 | D:2      | Reached skill level 1 in Staves
  1282 | D:2      | Reached skill level 1 in Ranged Weapons
  1282 | D:2      | Reached skill level 1 in Throwing
  1282 | D:2      | Reached skill level 1 in Armour
  1282 | D:2      | Reached skill level 1 in Shields
  1282 | D:2      | Reached skill level 1 in Unarmed Combat
  1282 | D:2      | Reached skill level 1 in Invocations
  1282 | D:2      | Reached skill level 1 in Evocations
  1352 | D:2      | Reached XP level 4. HP: 24/32 MP: 7/11
  1411 | D:2      | Noticed Jessica
  1416 | D:2      | Killed Jessica
  1417 | D:2      | Reached skill level 1 in Hexes
  1417 | D:2      | Reached skill level 1 in Summonings
  1417 | D:2      | Reached skill level 1 in Necromancy
  1417 | D:2      | Reached skill level 1 in Translocations
  1417 | D:2      | Reached skill level 1 in Transmutations
  1417 | D:2      | Reached skill level 1 in Ice Magic
  1417 | D:2      | Reached skill level 1 in Air Magic
  1417 | D:2      | Reached skill level 1 in Earth Magic
  1417 | D:2      | Reached skill level 1 in Poison Magic
  1532 | D:2      | Noticed Robin
  1548 | D:2      | Slain by a goblin

Illustrated notes

Levels and vault maps discovered:
D:1:      onia_arrival_handbag, layout_basic
D:2:      cheibrodos_fertilizer, layout_rooms, serial_rivers,
          chequers_serial_rivers_room_b, chequers_serial_rivers_room_a,
          chequers_serial_rivers_micro_a, chequers_serial_rivers_room_a,
          chequers_serial_rivers_micro_b, uniq_jessica, uniq_robin, uniq_natasha

Skill      XL: |  1  2  3  4 |
---------------+-------------+-----
Conjurations   | 2 |  2.3
Spellcasting   | 5 |  5.1
Fighting       | 1 |  1.3
Short Blades   | 1 |  1.3
Long Blades    | 1 |  1.3
Axes           | 1 |  1.3
Maces & Flails | 1 |  1.3
Polearms       | 1 |  1.3
Staves         | 1 |  1.3
Ranged Weapons | 1 |  1.3
Throwing       | 1 |  1.3
Armour         | 1 |  1.3
Shields        | 1 |  1.3
Unarmed Combat | 1 |  1.3
Invocations    | 1 |  1.4
Evocations     | 1 |  1.3
Hexes          | 1 |  1.0
Summonings     | 1 |  1.0
Necromancy     | 1 |  1.0
Translocations | 1 |  1.0
Transmutations | 1 |  1.0
Ice Magic      | 1 |  1.0
Air Magic      | 1 |  1.0
Earth Magic    | 1 |  1.0
Poison Magic   | 1 |  1.0
Dodging        | |  4.7
Stealth        | |  4.3
Fire Magic     | |  5.5

Action                     |  1- 3 |  4- 6 || total
---------------------------+-------+-------++-------
  Melee: Spear             |       |     2 ||     2
         Bite              |       |     1 ||     1
   Cast: Foxfire           |    75 |    20 ||    95
 Armour: Robe              |     3 |     4 ||     7
  Dodge: Dodged            |     8 |    19 ||    27

Table legend: (Time is in decaauts)
 A = Elapsed time spent in this place.
 B = Non-inter-level travel time spent in this place.
 C = Inter-level travel time spent in this place.
 D = Time resting spent in this place.
 E = Time spent auto-exploring this place.
 F = Levels seen in this place.
 G = Mean time per level.
                   A        B        C        D        E       F      G
               +--------+--------+--------+--------+--------+-----+--------+
         Total |   1547 |   1538 |      9 |      0 |   1256 |   2 |  773.5 |
       Dungeon |   1547 |   1538 |      9 |      0 |   1256 |   2 |  773.5 |
               +--------+--------+--------+--------+--------+-----+--------+

Top non-repeatable levels by time:
     D:1: 1269 daAuts
     D:2: 277 daAuts
